AoeStats
← Malelf

Arabia

507916580Analyzed
1v1 RM · 11d ago on Sep 20, 2026· 25m 18s· 2 players
Game mode
Random Map
Map size
Tiny (2 player)
Population
200
Speed
Normal
Resources
Standard
Victory
Conquest
Starting age
Dark Age
Ending age
Imperial Age
RankedLock teamsTeams togetherTeam positionsShared explorationLock speedFull tech treeHidden civsTurbo modeCheats
Victory
Defeat
🇪🇸 Magyars · Spain
1761
+14
🇮🇹 Mongols · Italy
1714
-14
Malelf
8:02 Loom
10:04 Feudal Age
11:05 Double-Bit Axe
12:24 Horse Collar
22:05 Castle Age
20:27 Gold Mining
22:40 Fletching
23:09 Bloodlines
23:31 Bow Saw
23:42 Bodkin Arrow
24:40 Padded Archer Armor
_DaViCy_
5:05 Loom
8:39 Feudal Age
9:20 Double-Bit Axe
10:02 Town Watch
20:38 Castle Age
19:40 Bloodlines
20:16 Fletching
20:09 Horse Collar
20:58 Gold Mining
22:21 Bodkin Arrow
23:44 Padded Archer Armor
Connection lost

Rejoining the realm…

Still unreachable

The connection could not be restored.

Session expired

The server has moved on; the page needs a fresh start.